 Dungeon Crawl Stone Soup version 0.23.0 (webtiles) character file.

Game seed: 17837109295409242464

3840 Kniotic the Martial Artist (level 9, 0/63 HPs)
             Began as a Demonspawn Monk on Feb 12, 2019.
             Was an Elder of Cheibriados.
             Slain by a gnoll (1 damage)
             ... while paralysed by an orc
             ... on level 8 of the Dungeon.
             The game lasted 00:33:42 (12504 turns).

Kniotic the Martial Artist (Demonspawn Monk)       Turns: 12504, Time: 00:33:43

Health: 0/63       AC:  8    Str: 24    XL:     9   Next: 98%
Magic:  15/15      EV:  2    Int: 22    God:    Cheibriados [****..]
Gold:   381        SH:  0    Dex: 29    Spells: 3/8 levels left

rFire    . . .     SeeInvis .     - Unarmed
rCold    . . .     Gourm    .   (no shield)
rNeg     . . .     Faith    .   a - +0 robe
rPois    .         Spirit   .   (helmet restricted)
rElec    .         Reflect  .   y - +0 cloak
rCorr    .         Harm     .   k - +0 pair of gloves
MR       .....                  C - +0 pair of boots
Stlth    +++++.....             (no amulet)
HPRegen  0.20/turn              m - ring of flight
MPRegen  0.14/turn              z - +3 ring of dexterity

@: paralysed, lethally poisoned (0 -> 0), very slow
A: antennae 2, thin metallic scales 2, nightstalker 1, rot immunity
a: Bend Time, Temporal Distortion, Slouch, Renounce Religion, Evoke Flight


You were on level 8 of the Dungeon.
You worshipped Cheibriados.
Cheibriados was greatly pleased with you.
You were not hungry.

You visited 2 branches of the dungeon, and saw 9 of its levels.

You collected 381 gold pieces.

Inventory:

Hand Weapons
 o - a +0 blowgun
Missiles
 p - 105 poisoned needles
 w - 3 needles of paralysis
 F - a curare-tipped needle
Armour
 a - a +0 robe (worn)
 k - a +0 pair of gloves (worn)
 y - a +0 cloak (worn)
 C - a +0 pair of boots (worn)
Jewellery
 m - a ring of flight (left hand)
 z - a +3 ring of dexterity (right hand)
 G - an uncursed ring of ice {unknown}
Wands
 A - a wand of enslavement (5)
 B - a wand of paralysis (11)
 E - a wand of digging (2)
 I - a wand of flame (25)
Scrolls
 d - 5 scrolls of remove curse
 e - 2 scrolls of fear {unknown}
 f - a scroll of identify
 g - a scroll of acquirement {unknown}
 n - 3 scrolls of fog
 r - a scroll of enchant armour {unknown}
 t - a scroll of magic mapping {unknown}
 v - a scroll of enchant weapon {unknown}
 D - 2 scrolls of teleportation {unknown}
Potions
 c - 3 potions of might
 h - 2 potions of curing
 i - a potion of mutation {unknown}
 j - a potion of agility
 l - 2 potions of lignification {unknown}
 q - 3 potions of brilliance
 s - a potion of degeneration {unknown}
 u - 2 potions of ambrosia
 x - 2 potions of cancellation
Comestibles
 b - 15 rations
 H - 3 chunks of flesh


   Skills:
 - Level 3.0 Fighting
 * Level 4.7 Dodging
 + Level 5.8 Stealth
 - Level 10.0 Unarmed Combat
 + Level 8.8 Invocations


You had 3 spell levels left.
You knew the following spells:

 Your Spells              Type           Power        Failure   Level  Hunger
a - Blink                 Tloc           N/A          26%         2    ###....
b - Regeneration          Chrm/Necr      #.........   45%         3    ####...

Your spell library contained the following spells:

 Spells                   Type           Power        Failure   Level  Hunger
 Animate Skeleton         Necr           N/A          17%         1    ##.....
 Beastly Appendage        Tmut           #.....       17%         1    ##.....
 Freeze                   Ice            #...         17%         1    ##.....
 Magic Dart               Conj           #...         17%         1    ##.....
 Pain                     Necr           #...         17%         1    ##.....
 Call Imp                 Summ           #.......     26%         2    ###....
 Slow                     Hex            #.......     26%         2    ###....
 Sticks to Snakes         Tmut           #.......     26%         2    ###....
 Throw Frost              Conj/Ice       #.....       26%         2    ###....
 Conjure Flame            Conj/Fire      #.......     45%         3    ####...
 Mephitic Cloud           Conj/Pois/Air  #.......     45%         3    ####...
 Ozocubu's Armour         Chrm/Ice       #.......     45%         3    ####...
 Spider Form              Tmut/Pois      #.........   45%         3    ####...
 Vampiric Draining        Necr           #.........   45%         3    ####...
 Animate Dead             Necr           N/A          86%         4    #####..
 Ice Form                 Ice/Tmut       #.......     86%         4    #####..
 Summon Ice Beast         Ice/Summ       #.......     86%         4    #####..
 Throw Icicle             Conj/Ice       #.......     86%         4    #####..
 Blade Hands              Tmut           #.........   99%         5    ######.


Dungeon Overview and Level Annotations

Branches:
Dungeon (8/15)             Temple (1/1) D:5            Lair (0/6) D:8

Altars:
Ashenzari
Cheibriados
Dithmenos
Elyvilon
Fedhas
Gozag
Hepliaklqana
Kikubaaqudgha
Makhleb
Nemelex Xobeh
Okawaru
Qazlal
Ru
Sif Muna
Trog
Uskayaw
Vehumet
Wu Jian
Xom
Zin
The Shining One

Shops:
D:7 [

Annotations:
D:4 Menkaure
D:8 1 exclusion


Innate Abilities, Weirdness & Mutations

You have a pair of antennae on your head.
You are mostly covered in thin metallic scales. (AC +3)
You are slightly more attuned to the shadows.
You are immune to rotting.


Message History

You closely miss the gnoll.
The gnoll is almost dead.
The orc misses you. The gnoll hits you.
You barely miss the gnoll. Your punch misses the gnoll.
The gnoll is almost dead.
You feel sick. The gnoll hits you but does no damage.
The orc zaps a wand.
You suddenly lose the ability to move!
The gnoll hits you but does no damage.
The gnoll hits you from afar with a +0 halberd!
* * * LOW HITPOINT WARNING * * *
The orc hits you but does no damage. The gnoll hits you but does no damage.
The gnoll hits you from afar with a +0 halberd.
* * * LOW HITPOINT WARNING * * *
You feel sick. The gnoll hits you but does no damage.
The orc zaps a wand.
You easily resist.
The gnoll hits you from afar with a +0 halberd!
* * * LOW HITPOINT WARNING * * *
The gnoll hits you.
You die...

#### #..# #..# ###
###..# ..########
##....#
#.......<#######o...##
##........##...o@.###
#..........#.####g#
#............# #.g#
...........### #.##
...........# #.#
...........# #..{
..........## ....
..........# .#...
...........# #. /...


You could see 2 gnolls and 2 orcs.

Vanquished Creatures
  Prince Ribbit (D:7)
  A wraith (D:8)
  2 wargs (D:7)
  An ice beast (D:5)
  4 orc warriors
  A sky beast (D:8)
  2 black bears (D:8)
  A phantom (D:5)
  5 ogres
  2 centaurs
  2 bullfrogs
  A gnoll sergeant (D:8)
  A water moccasin skeleton (D:6)
  2 scorpions
  3 killer bees (D:7)
  4 howler monkeys
  A crimson imp (D:5)
  2 hounds
  8 orc wizards
  A jelly (D:7)
  9 orc priests
  An iguana (D:6)
  Natasha (thrice) (D:2)
  7 worker ants
  2 hound zombies
  2 gnolls
  4 adders
  3 shadow imps
  2 oozes (D:3)
  An adder skeleton (D:6)
  4 worms (D:2)
  6 dart slugs
  7 leopard geckos
  37 orcs
  2 ball pythons
  5 giant cockroaches
  5 goblins
  11 hobgoblins
  26 jackals
  3 quokkas
  8 bats
  6 frilled lizards
  2 giant cockroach zombies (D:5)
  12 kobolds
  A quokka skeleton (D:5)
  2 quokka zombies
  8 rats
224 creatures vanquished.

Vanquished Creatures (collateral kills)
  A gnoll sergeant (D:5)
  An orc wizard (D:7)
2 creatures vanquished.

Vanquished Creatures (others)
  An ogre (D:5)
1 creature vanquished.

Grand Total: 227 creatures vanquished

Notes
Turn   | Place    | Note
-------+----------+-------------------------------------------
     0 | D:1      | Kniotic the Demonspawn Monk began the quest for the Orb.
     0 | D:1      | Reached XP level 1. HP: 18/18 MP: 1/1
    99 | D:1      | Reached skill level 3 in Unarmed Combat
   129 | D:1      | Gained mutation: You are immune to rotting. [demonic
                  | ancestry]
   129 | D:1      | Reached XP level 2. HP: 24/24 MP: 2/2
   897 | D:1      | Gained mutation: You have a pair of small antennae on your
                  | head. [demonic ancestry]
   897 | D:1      | Reached XP level 3. HP: 15/29 MP: 3/3
  1390 | D:2      | Reached skill level 4 in Unarmed Combat
  1496 | D:2      | Noticed Natasha
  1506 | D:2      | Killed Natasha
  1527 | D:2      | Gained mutation: You are slightly more attuned to the
                  | shadows. [demonic ancestry]
  1527 | D:2      | Reached XP level 4. HP: 18/35 MP: 4/4
  1715 | D:2      | Noticed Natasha
  1728 | D:2      | Killed Natasha
  2315 | D:2      | Noticed Natasha
  2324 | D:2      | Killed Natasha
  2324 | D:2      | Reached skill level 5 in Unarmed Combat
  2496 | D:2      | Gained mutation: You are partially covered in thin metallic
                  | scales. (AC +2) [demonic ancestry]
  2496 | D:2      | Reached XP level 5. HP: 38/41 MP: 5/5
  2700 | D:2      | Found an opulent altar of Gozag.
  3690 | D:3      | Reached skill level 6 in Unarmed Combat
  4295 | D:3      | Reached XP level 6. HP: 47/47 MP: 6/6
  5513 | D:4      | Found a bloodstained altar of Trog.
  5769 | D:4      | Reached skill level 7 in Unarmed Combat
  5852 | D:4      | Found an ornate altar of the Wu Jian Council.
  5925 | D:4      | Noticed Menkaure
  5985 | D:4      | Gained mutation: You are mostly covered in thin metallic
                  | scales. (AC +3) [demonic ancestry]
  5985 | D:4      | Reached XP level 7. HP: 52/52 MP: 7/7
  6407 | D:5      | Entered Level 5 of the Dungeon
  6407 | D:5      | Found a staircase to the Ecumenical Temple.
  6418 | Temple   | Entered the Ecumenical Temple
  6601 | Temple   | Became a worshipper of Cheibriados the Contemplative
  6601 | Temple   | Reached * piety under Cheibriados
  6601 | Temple   | Reached ** piety under Cheibriados
  6719 | D:5      | Reached skill level 1 in Invocations
  6889 | D:5      | Reached skill level 8 in Unarmed Combat
  7488 | D:5      | Gained mutation: You have a pair of antennae on your head.
                  | [demonic ancestry]
  7488 | D:5      | Reached XP level 8. HP: 58/58 MP: 11/11
  7647 | D:5      | Found a shadowy altar of Dithmenos.
  7734 | D:5      | Reached skill level 5 in Invocations
  7845 | D:5      | Found a glowing silver altar of Zin.
  7850 | D:5      | Found a sparkling altar of Nemelex Xobeh.
  7852 | D:5      | Found a faded altar of an unknown god.
  7854 | D:5      | Found a faded altar of an unknown god.
  7858 | D:5      | Found a hazy altar of Hepliaklqana.
  8112 | D:5      | Found a deep blue altar of Sif Muna.
  8115 | D:5      | Found a shattered altar of Ashenzari.
  8118 | D:5      | Found an ancient bone altar of Kikubaaqudgha.
  8161 | D:5      | Learned a level 2 spell: Blink
  8165 | D:5      | Learned a level 3 spell: Regeneration
  8378 | D:6      | Reached *** piety under Cheibriados
  8383 | D:6      | Reached skill level 9 in Unarmed Combat
  8682 | D:6      | Found a burning altar of Makhleb.
  8913 | D:6      | Found a blossoming altar of Fedhas.
  9862 | D:7      | Found Rycamnal's Armour Shoppe.
 10265 | D:7      | Noticed Prince Ribbit
 10274 | D:7      | Killed Prince Ribbit
 10274 | D:7      | Reached XP level 9. HP: 63/63 MP: 12/14
 11118 | D:8      | HP: 3/63 [warg (17)]
 11399 | D:7      | Reached skill level 10 in Unarmed Combat
 11779 | D:8      | Reached **** piety under Cheibriados
 11780 | D:8      | Found a staircase to the Lair.
 11789 | D:8      | Reached skill level 5 in Stealth
 12500 | D:8      | Paralysed by an orc for 7 turns
 12503 | D:8      | HP: 1/63 [gnoll/+0 halberd (12)]
 12504 | D:8      | Slain by a gnoll

Skill      XL: |  1  2  3  4  5  6  7  8  9 |
---------------+----------------------------+-----
Unarmed Combat | 3 4 5 6 7 8 9 10 | 10.0
Invocations    | 4 6 8 |  8.8
Stealth        | 4 5 |  5.8
Dodging        | 4 |  4.7
Fighting       | |  3.0

Action                   |  1- 3 |  4- 6 |  7- 9 || total
-------------------------+-------+-------+-------++-------
Melee: Unarmed           |   133 |   334 |   443 ||   910
       Punch             |     3 |     4 |    27 ||    34
 Fire: Blowgun           |       |     7 |    12 ||    19
 Cast: Blink             |       |       |     1 ||     1
Invok: Temporal Distorti |       |       |     1 ||     1
Evoke: Wand              |       |       |    18 ||    18
  Use: Scroll            |       |     3 |     6 ||     9
       Potion            |       |     1 |     4 ||     5
 Stab: Sleeping          |     7 |     7 |    12 ||    26
       Paralysed         |       |       |    16 ||    16
       Distracted        |       |       |     2 ||     2
  Eat: Chunk             |     2 |    14 |     8 ||    24
       Ration            |       |       |     1 ||     1
Armor: Robe              |    21 |    56 |   105 ||   182
Dodge: Dodged            |    80 |   191 |   311 ||   582
